AoeStats
← TrexerT

Golden Pit

509273324Analyzed
1v1 RM · 6d ago on Sep 26, 2026· 54m 9s· 2 players
Game mode
Random Map
Map size
Tiny (2 player)
Population
200
Speed
Normal
Resources
Standard
Victory
Conquest
Starting age
Dark Age
Ending age
Imperial Age
RankedLock teamsTeams togetherTeam positionsShared explorationLock speedFull tech treeHidden civsTurbo modeCheats
Victory
Defeat
🇷🇺 Wu · Russia
959
+16
🇷🇴 Varangians · Romania
955
-16
TrexerT
13:27 Feudal Age
15:47 Double-Bit Axe
16:28 Horse Collar
19:20 Castle Age
17:37 Forging
22:36 Iron Casting
29:54 Fletching
30:19 Arson
33:09 Bodkin Arrow
36:18 Husbandry
36:22 Scale Mail Armor
36:51 Ballistics
39:09 Elite Skirmisher
44:32 Imperial Age
47:48 Chemistry
46:44 Murder Holes
48:38 Gothikon
52:17 Light Cavalry
53:15 Bloodlines
Servelat
4:52 Loom
11:53 Feudal Age
18:43 Castle Age
17:26 Double-Bit Axe
17:26 Horse Collar
19:57 Bow Saw
23:13 Wheelbarrow
23:49 Red Cliffs Tactics
23:48 Fletching
24:27 Town Watch
25:32 Hand Cart
28:22 Bodkin Arrow
28:51 Padded Archer Armor
35:33 Imperial Age
35:01 Leather Archer Armor
35:43 Ballistics
35:19 Murder Holes
39:56 Elite Fire Archer
41:50 Conscription
44:42 Town Patrol
45:33 Bracer
48:01 Chemistry
Connection lost

Rejoining the realm…

Still unreachable

The connection could not be restored.

Session expired

The server has moved on; the page needs a fresh start.